Unix NetHack Version 3.7.0-66 Work-in-progress - last build Dec 5 2022 03:26:57 (dbea811729ade750c4c0c7f8ab6145c62533a6e7,branch:master).

Game began 2022-12-21 12:58:58, ended 2022-12-24 13:43:52.

Kontroller, chaotic male human Barbarian

  
unexplored area
unexplored area
wall
wall
wall
wall
wall
unexplored area
unexplored area
unexplored area
unexplored area
unexplored area
unexplored area
unexplored area
unexplored area
unexplored area
wall
wall
wall
wall
wall
wall
wall
wall
wall
unexplored area
unexplored area
unexplored area
unexplored area
unexplored area
unexplored area
unexplored area
unexplored area
unexplored area
unexplored area
unexplored area
unexplored area
unexplored area
unexplored area
unexplored area
unexplored area
unexplored area
unexplored area
unexplored area
unexplored area
unexplored area
unexplored area
unexplored area
unexplored area
unexplored area
unexplored area
unexplored area
unexplored area
unexplored area
unexplored area
unexplored area
unexplored area
unexplored area
unexplored area
unexplored area
unexplored area
unexplored area
unexplored area
unexplored area
unexplored area
unexplored area
unexplored area
unexplored area
unexplored area
unexplored area
unexplored area
unexplored area
unexplored area
unexplored area
unexplored area
unexplored area
unexplored area
unexplored area
unexplored area
unexplored area
unexplored area
wall
<staircase up
*a yellowish brown gem
.dark part of a room
wall
wall
wall
unexplored area
unexplored area
wall
wall
wall
wall
wall
wall
.dark part of a room
.dark part of a room
.dark part of a room
.dark part of a room
.dark part of a room
[a dwarvish cloak
.dark part of a room
wall
wall
stone
stone
stone
unexplored area
wall
wall
wall
wall
wall
wall
wall
unexplored area
unexplored area
unexplored area
unexplored area
unexplored area
unexplored area
unexplored area
unexplored area
unexplored area
unexplored area
unexplored area
unexplored area
unexplored area
unexplored area
unexplored area
unexplored area
unexplored area
unexplored area
unexplored area
unexplored area
unexplored area
unexplored area
unexplored area
wall
wall
wall
wall
wall
wall
wall
wall
wall
wall
wall
wall
wall
wall
wall
unexplored area
unexplored area
unexplored area
unexplored area
unexplored area
unexplored area
wall
.dark part of a room
.dark part of a room
.dark part of a room
.dark part of a room
.dark part of a room
wall
wall
wall
wall
.dark part of a room
.dark part of a room
.dark part of a room
.dark part of a room
.dark part of a room
.dark part of a room
.dark part of a room
.dark part of a room
.dark part of a room
wall
wall
.dark part of a room
.dark part of a room
.dark part of a room
corridor
corridor
stone
unexplored area
wall
)2 poisoned orcish arrows
.dark part of a room
.dark part of a room
.dark part of a room
.dark part of a room
wall
unexplored area
unexplored area
unexplored area
unexplored area
unexplored area
unexplored area
unexplored area
unexplored area
unexplored area
unexplored area
wall
wall
wall
wall
wall
wall
wall
unexplored area
unexplored area
unexplored area
unexplored area
unexplored area
unexplored area
wall
.dark part of a room
.dark part of a room
.dark part of a room
.dark part of a room
.dark part of a room
.dark part of a room
.dark part of a room
.dark part of a room
.dark part of a room
.dark part of a room
.dark part of a room
.dark part of a room
.dark part of a room
wall
unexplored area
unexplored area
unexplored area
unexplored area
unexplored area
unexplored area
wall
wall
.dark part of a room
.dark part of a room
wall
.dark part of a room
.dark part of a room
.dark part of a room
.dark part of a room
wall
.dark part of a room
wall
wall
wall
wall
wall
wall
wall
wall
wall
wall
.dark part of a room
)a thonged club
wall
stone
stone
unseen creature
stone
wall
(a unicorn horn
[a dwarvish cloak
@peaceful priestess of Set
[an orcish helm
.dark part of a room
wall
unexplored area
unexplored area
unexplored area
unexplored area
unexplored area
unexplored area
unexplored area
unexplored area
unexplored area
unexplored area
wall
>staircase down
.dark part of a room
.dark part of a room
.dark part of a room
(a lamp called oil lamp
wall
unexplored area
unexplored area
unexplored area
unexplored area
unexplored area
unexplored area
wall
+closed door
wall
wall
wall
.broken door
wall
wall
.dark part of a room
wall
wall
wall
wall
|open door
wall
unexplored area
unexplored area
unexplored area
unexplored area
unexplored area
unexplored area
unexplored area
wall
wall
.dark part of a room
wall
wall
.dark part of a room
.dark part of a room
.dark part of a room
.dark part of a room
.dark part of a room
wall
wall
wall
wall
unexplored area
unexplored area
unexplored area
unexplored area
unexplored area
wall
.dark part of a room
.dark part of a room
wall
unexplored area
unexplored area
stone
corridor
wall
.dark part of a room
.dark part of a room
)a crude arrow
.dark part of a room
[a studded leather armor
wall
unexplored area
unexplored area
wall
wall
wall
wall
wall
wall
unexplored area
unexplored area
wall
wall
.dark part of a room
.dark part of a room
.dark part of a room
.dark part of a room
wall
wall
wall
wall
unexplored area
unexplored area
wall
.dark part of a room
.dark part of a room
wall
.dark part of a room
.dark part of a room
.dark part of a room
wall
wall
.dark part of a room
wall
.dark part of a room
-open door
.dark part of a room
.dark part of a room
wall
unexplored area
unexplored area
unexplored area
unexplored area
unexplored area
unexplored area
unexplored area
unexplored area
wall
wall
wall
.dark part of a room
.dark part of a room
.dark part of a room
.dark part of a room
.dark part of a room
.dark part of a room
.dark part of a room
.dark part of a room
.dark part of a room
wall
wall
wall
wall
unexplored area
unexplored area
wall
.dark part of a room
.dark part of a room
wall
wall
unexplored area
unexplored area
stone
.dark part of a room
wall
wall
|open door
wall
wall
wall
unexplored area
unexplored area
wall
.dark part of a room
.dark part of a room
-open door
.dark part of a room
wall
unexplored area
unexplored area
unexplored area
wall
wall
wall
.dark part of a room
.dark part of a room
wall
.dark part of a room
.dark part of a room
wall
wall
wall
wall
.dark part of a room
.dark part of a room
wall
wall
wall
|open door
wall
.dark part of a room
.dark part of a room
wall
wall
wall
oUruk-hai
.dark part of a room
wall
unexplored area
unexplored area
unexplored area
unexplored area
unexplored area
unexplored area
unexplored area
unexplored area
unexplored area
unexplored area
wall
wall
wall
wall
.dark part of a room
wall
.dark part of a room
@peaceful watchman
.dark part of a room
.dark part of a room
wall
.dark part of a room
.dark part of a room
wall
wall
wall
wall
.dark part of a room
.dark part of a room
.dark part of a room
wall
wall
unexplored area
stone
stone
corridor
wall
.dark part of a room
wall
unexplored area
unexplored area
unexplored area
unexplored area
wall
oUruk-hai
.dark part of a room
wall
.dark part of a room
wall
unexplored area
unexplored area
unexplored area
unexplored area
wall
wall
wall
|open door
wall
.dark part of a room
.dark part of a room
.dark part of a room
.dark part of a room
.dark part of a room
wall
.doorway
wall
wall
.dark part of a room
.dark part of a room
.dark part of a room
.dark part of a room
.dark part of a room
.dark part of a room
.dark part of a room
.dark part of a room
wall
wall
|open door
wall
unexplored area
unexplored area
unexplored area
unexplored area
unexplored area
unexplored area
unexplored area
unexplored area
unexplored area
unexplored area
unexplored area
unexplored area
unexplored area
wall
wall
wall
wall
wall
.dark part of a room
.dark part of a room
wall
.dark part of a room
.dark part of a room
.dark part of a room
.dark part of a room
wall
.dark part of a room
.dark part of a room
.dark part of a room
.dark part of a room
.dark part of a room
wall
wall
wall
wall
stone
[an orcish cloak
.dark part of a room
wall
stone
corridor
unexplored area
unexplored area
wall
.dark part of a room
.dark part of a room
wall
.dark part of a room
wall
wall
wall
wall
wall
wall
.dark part of a room
.dark part of a room
.dark part of a room
.dark part of a room
.dark part of a room
.dark part of a room
wall
wall
.dark part of a room
.dark part of a room
.dark part of a room
.dark part of a room
.dark part of a room
.dark part of a room
.dark part of a room
.dark part of a room
.dark part of a room
.dark part of a room
.dark part of a room
.dark part of a room
.dark part of a room
.dark part of a room
.dark part of a room
.dark part of a room
wall
unexplored area
unexplored area
unexplored area
unexplored area
unexplored area
unexplored area
unexplored area
unexplored area
unexplored area
unexplored area
wall
wall
wall
wall
wall
wall
unexplored area
wall
.dark part of a room
dfox
wall
.dark part of a room
.dark part of a room
.dark part of a room
.dark part of a room
.dark part of a room
.dark part of a room
.dark part of a room
.dark part of a room
.dark part of a room
.dark part of a room
wall
.dark part of a room
.dark part of a room
wall
wall
wall
.dark part of a room
wall
.dark part of a room
stone
unexplored area
unexplored area
unexplored area
wall
wall
wall
.dark part of a room
-open door
.dark part of a room
.dark part of a room
wall
wall
:iguana
.dark part of a room
.dark part of a room
.dark part of a room
.dark part of a room
.dark part of a room
.dark part of a room
wall
wall
.dark part of a room
.dark part of a room
wall
wall
wall
wall
wall
wall
wall
wall
|open door
wall
wall
.dark part of a room
.dark part of a room
wall
wall
unexplored area
unexplored area
unexplored area
unexplored area
unexplored area
unexplored area
unexplored area
unexplored area
unexplored area
unexplored area
wall
%a food ration
!a potion
msmall mimic, mimicking a strange object
@peaceful Papar
wall
unexplored area
wall
wall
.dark part of a room
wall
.dark part of a room
.dark part of a room
.dark part of a room
.dark part of a room
wall
wall
wall
.dark part of a room
.dark part of a room
.dark part of a room
wall
.dark part of a room
.dark part of a room
.dark part of a room
.dark part of a room
.dark part of a room
.dark part of a room
.dark part of a room
wall
wall
wall
wall
unexplored area
unexplored area
unexplored area
wall
.dark part of a room
wall
.dark part of a room
.dark part of a room
wall
wall
.dark part of a room
.dark part of a room
.dark part of a room
fountain
.dark part of a room
.dark part of a room
.dark part of a room
unexplored area
wall
wall
.dark part of a room
wall
.dark part of a room
.dark part of a room
.dark part of a room
.dark part of a room
.dark part of a room
.dark part of a room
.dark part of a room
@peaceful Wonotobo
.dark part of a room
wall
.dark part of a room
.dark part of a room
wall
wall
unexplored area
unexplored area
unexplored area
unexplored area
unexplored area
unexplored area
unexplored area
unexplored area
unexplored area
unexplored area
unexplored area
.dark part of a room
.dark part of a room
.dark part of a room
.dark part of a room
wall
unexplored area
unexplored area
wall
.dark part of a room
wall
.dark part of a room
.dark part of a room
.dark part of a room
.dark part of a room
.dark part of a room
.dark part of a room
wall
.dark part of a room
.dark part of a room
.dark part of a room
wall
.dark part of a room
.dark part of a room
.dark part of a room
.dark part of a room
.dark part of a room
.dark part of a room
.dark part of a room
.dark part of a room
.dark part of a room
.dark part of a room
wall
wall
wall
.dark part of a room
wall
.dark part of a room
wall
.dark part of a room
.dark part of a room
wall
wall
wall
.dark part of a room
.dark part of a room
.dark part of a room
.dark part of a room
.dark part of a room
.dark part of a room
unexplored area
unexplored area
stone
corridor
wall
[a ring mail
%a food ration
?a scroll of magic mapping
.dark part of a room
/a wand of undead turning
!a smoky potion
/a wand of magic missile
!a potion
(a pick-axe
wall
.dark part of a room
.dark part of a room
.dark part of a room
wall
unexplored area
unexplored area
unexplored area
unexplored area
unexplored area
unexplored area
unexplored area
unexplored area
unexplored area
unexplored area
unexplored area
unexplored area
wall
|open door
wall
unexplored area
wall
wall
wall
wall
wall
wall
.dark part of a room
.dark part of a room
.dark part of a room
.dark part of a room
wall
wall
wall
wall
wall
wall
wall
.dark part of a room
.dark part of a room
.dark part of a room
wall
wall
wall
.dark part of a room
.dark part of a room
.dark part of a room
wall
.dark part of a room
.dark part of a room
wall
.dark part of a room
.dark part of a room
wall
wall
wall
wall
wall
wall
wall
.dark part of a room
.dark part of a room
.dark part of a room
.dark part of a room
wall
wall
.dark part of a room
unexplored area
unexplored area
wall
wall
wall
wall
wall
wall
wall
wall
wall
wall
wall
.dark part of a room
.dark part of a room
.dark part of a room
wall
unexplored area
unexplored area
unexplored area
unexplored area
unexplored area
unexplored area
unexplored area
wall
wall
wall
wall
wall
wall
.dark part of a room
wall
wall
wall
.dark part of a room
.dark part of a room
.dark part of a room
wall
wall
.dark part of a room
.dark part of a room
.dark part of a room
wall
wall
.dark part of a room
.dark part of a room
wall
.dark part of a room
.dark part of a room
wall
wall
.dark part of a room
.dark part of a room
.dark part of a room
wall
.dark part of a room
.dark part of a room
wall
wall
wall
.dark part of a room
.dark part of a room
.dark part of a room
wall
.dark part of a room
wall
wall
.dark part of a room
.dark part of a room
wall
.dark part of a room
.dark part of a room
.dark part of a room
wall
.dark part of a room
.dark part of a room
.dark part of a room
.dark part of a room
.dark part of a room
wall
wall
wall
wall
wall
wall
corridor
%a gnome corpse
.dark part of a room
.dark part of a room
.dark part of a room
.dark part of a room
.dark part of a room
.dark part of a room
.dark part of a room
wall
wall
unexplored area
unexplored area
unexplored area
unexplored area
unexplored area
unexplored area
unexplored area
wall
.dark part of a room
.dark part of a room
wall
wall
.dark part of a room
.dark part of a room
.dark part of a room
.dark part of a room
.dark part of a room
.dark part of a room
.dark part of a room
.dark part of a room
.dark part of a room
wall
[a pair of iron shoes
.dark part of a room
wall
wall
wall
.dark part of a room
.dark part of a room
wall
.dark part of a room
.dark part of a room
wall
wall
wall
.dark part of a room
.dark part of a room
.dark part of a room
.dark part of a room
.dark part of a room
wall
wall
.dark part of a room
.dark part of a room
.dark part of a room
.dark part of a room
wall
.dark part of a room
.dark part of a room
.dark part of a room
.dark part of a room
.dark part of a room
.dark part of a room
@peaceful watch captain
.dark part of a room
wall
wall
wall
.dark part of a room
.dark part of a room
.dark part of a room
ipeaceful homunculus
wall
.dark part of a room
(a blindfold
(a large box
@peaceful watchman
wall
corridor
wall
.dark part of a room
wall
wall
wall
wall
wall
wall
wall
unexplored area
unexplored area
unexplored area
unexplored area
unexplored area
unexplored area
unexplored area
unexplored area
wall
.dark part of a room
.dark part of a room
-open door
.dark part of a room
.dark part of a room
.dark part of a room
.dark part of a room
.dark part of a room
.dark part of a room
.dark part of a room
.dark part of a room
.dark part of a room
.dark part of a room
.dark part of a room
)some poisoned crude arrows
.dark part of a room
.dark part of a room
(a looking glass
wall
|open door
wall
wall
wall
|open door
wall
wall
wall
wall
wall
.dark part of a room
*a gem
wall
wall
@peaceful watchman
.dark part of a room
.dark part of a room
.dark part of a room
.dark part of a room
.dark part of a room
.dark part of a room
.dark part of a room
.dark part of a room
.dark part of a room
wall
wall
.dark part of a room
.dark part of a room
.dark part of a room
.dark part of a room
wall
wall
.dark part of a room
.dark part of a room
.dark part of a room
-open door
@peaceful Niskal
.dark part of a room
(a whistle
(a magic marker
wall
corridor
wall
.dark part of a room
wall
.dark part of a room
.dark part of a room
.dark part of a room
wall
unexplored area
unexplored area
unexplored area
unexplored area
unexplored area
unexplored area
unexplored area
unexplored area
unexplored area
wall
wall
wall
wall
wall
.dark part of a room
.dark part of a room
.dark part of a room
.dark part of a room
.dark part of a room
fountain
.dark part of a room
.dark part of a room
.dark part of a room
.dark part of a room
wall
wall
wall
wall
.dark part of a room
.dark part of a room
)a bow
.dark part of a room
.dark part of a room
.dark part of a room
)some arrows
.dark part of a room
.dark part of a room
.dark part of a room
.dark part of a room
.dark part of a room
.dark part of a room
ftame large cat
.dark part of a room
wall
.dark part of a room
.dark part of a room
.dark part of a room
Ga statue of a gnome ruler
.dark part of a room
.dark part of a room
.dark part of a room
.dark part of a room
.dark part of a room
.dark part of a room
.dark part of a room
wall
wall
.dark part of a room
.dark part of a room
.dark part of a room
wall
.dark part of a room
.dark part of a room
.dark part of a room
.dark part of a room
wall
.dark part of a room
(a blindfold
(a leash
(a pick-axe
wall
unexplored area
wall
.dark part of a room
wall
.dark part of a room
.dark part of a room
.dark part of a room
wall
unexplored area
unexplored area
unexplored area
unexplored area
unexplored area
unexplored area
unexplored area
unexplored area
unexplored area
wall
.dark part of a room
.dark part of a room
.dark part of a room
.dark part of a room
.dark part of a room
.dark part of a room
.dark part of a room
.dark part of a room
.dark part of a room
.dark part of a room
.dark part of a room
.dark part of a room
.dark part of a room
.dark part of a room
wall
wall
unexplored area
wall
wall
|open door
wall
wall
(a candle
wall
wall
wall
wall
wall
wall
wall
wall
wall
@human barbarian called Kontroller
qmumak
@peaceful Woodland-elf
)a dart
.dark part of a room
.dark part of a room
.dark part of a room
.dark part of a room
.dark part of a room
wall
wall
.dark part of a room
.dark part of a room
wall
.dark part of a room
.dark part of a room
.dark part of a room
.dark part of a room
.dark part of a room
.dark part of a room
.dark part of a room
.dark part of a room
.dark part of a room
wall
wall
wall
wall
wall
wall
unexplored area
wall
.dark part of a room
wall
wall
|open door
wall
wall
wall
wall
wall
wall
wall
unexplored area
unexplored area
unexplored area
unexplored area
wall
|open door
wall
wall
wall
wall
wall
.dark part of a room
.dark part of a room
.dark part of a room
.dark part of a room
.dark part of a room
.dark part of a room
.dark part of a room
.dark part of a room
.dark part of a room
wall
unexplored area
wall
.dark part of a room
.dark part of a room
.dark part of a room
wall
.dark part of a room
wall
.dark part of a room
(a lamp called oil lamp
(some candles
(a candle
wall
unexplored area
unexplored area
wall
wall
.dark part of a room
.dark part of a room
.dark part of a room
.dark part of a room
.dark part of a room
.dark part of a room
.dark part of a room
wall
wall
wall
wall
wall
wall
unexplored area
.dark part of a room
.dark part of a room
wall
.dark part of a room
.dark part of a room
.dark part of a room
.dark part of a room
.dark part of a room
.dark part of a room
.dark part of a room
wall
wall
wall
wall
wall
wall
.dark part of a room
.dark part of a room
.dark part of a room
.dark part of a room
.dark part of a room
wall
.dark part of a room
.dark part of a room
.dark part of a room
nmountain nymph
wall
unexplored area
unexplored area
unexplored area
unexplored area
wall
.dark part of a room
.dark part of a room
.dark part of a room
wall
unexplored area
wall
wall
.dark part of a room
.dark part of a room
wall
wall
wall
wall
wall
wall
wall
unexplored area
wall
@peaceful watchman
.dark part of a room
.dark part of a room
wall
.dark part of a room
-open door
@peaceful Izchak
(a candle
.dark part of a room
(some candles
wall
unexplored area
unexplored area
unexplored area
wall
wall
wall
.dark part of a room
.dark part of a room
.dark part of a room
wall
wall
wall
unexplored area
unexplored area
unexplored area
unexplored area
unexplored area
unexplored area
unexplored area
.dark part of a room
wall
.dark part of a room
.dark part of a room
.dark part of a room
wall
wall
.dark part of a room
.dark part of a room
.dark part of a room
.dark part of a room
.dark part of a room
.dark part of a room
wall
.dark part of a room
.dark part of a room
.dark part of a room
fountain
.dark part of a room
.dark part of a room
-open door
.dark part of a room
.dark part of a room
wall
|open door
wall
unexplored area
unexplored area
unexplored area
unexplored area
wall
.dark part of a room
.dark part of a room
.dark part of a room
wall
unexplored area
unexplored area
wall
wall
wall
wall
unexplored area
unexplored area
unexplored area
unexplored area
unexplored area
unexplored area
unexplored area
wall
wall
wall
wall
wall
wall
wall
(a candle
(a brass lantern
(a candle
(a brass lantern
wall
unexplored area
unexplored area
unexplored area
unexplored area
unexplored area
wall
wall
wall
wall
wall
unexplored area
unexplored area
unexplored area
unexplored area
unexplored area
unexplored area
unexplored area
unexplored area
unexplored area
unexplored area
wall
wall
.dark part of a room
.dark part of a room
.dark part of a room
.dark part of a room
.dark part of a room
wall
wall
wall
wall
.dark part of a room
.dark part of a room
.dark part of a room
@peaceful Woodland-elf
.dark part of a room
.dark part of a room
.dark part of a room
.dark part of a room
wall
.dark part of a room
.dark part of a room
wall
(an empty unlocked chest
wall
unexplored area
unexplored area
unexplored area
unexplored area
wall
wall
wall
wall
unexplored area
unexplored area
unexplored area
unexplored area
unexplored area
unexplored area
unexplored area
unexplored area
unexplored area
unexplored area
unexplored area
unexplored area
unexplored area
unexplored area
unexplored area
unexplored area
unexplored area
unexplored area
unexplored area
unexplored area
wall
wall
wall
wall
wall
wall
unexplored area
unexplored area
unexplored area
unexplored area
unexplored area
unexplored area
unexplored area
unexplored area
unexplored area
unexplored area
unexplored area
unexplored area
unexplored area
unexplored area
unexplored area
unexplored area
unexplored area
unexplored area
unexplored area
unexplored area
unexplored area
wall
wall
wall
wall
wall
wall
wall
unexplored area
unexplored area
wall
wall
wall
wall
wall
wall
wall
wall
wall
wall
wall
wall
wall
wall
wall
unexplored area
unexplored area
[Kontroller the Bandit ] St:25 Dx:14 Co:18 In:7 Wi:9 Ch:6 Chaotic S:23725 Dlvl:5 $:38 HP:0(85) Pw:21(21) AC:-2 Xp:9/4686 T:9078 Burdened Blind

Latest messages:

You try to feel what is lying here on the floor.
You feel here 4 poisoned crude arrows.
You try to feel what is lying here on the floor.
There are several objects here.
You have a little trouble lifting e - a potion.
What do you want to call? [efj-np-tvx-zG-IMO-RTVZ or ?*] e
You would never recognize another one.
What do you want to take off? [lsOT or ?*] K
You were wearing an uncursed towel.
You can see again.
The Uruk-hai picks up an orcish cloak.
What do you want to call? [efj-np-tvx-zG-IMO-RTVZ or ?*] e
Call a milky potion: object detection
The Uruk-hai puts on an orcish cloak.
The Uruk-hai thrusts her dwarvish short sword.
The Uruk-hai misses!
You smite the Uruk-hai!
The Uruk-hai reads a scroll labeled VENZAR BORGAVVE!
The Uruk-hai vanishes!
The large cat eats a water nymph corpse.
You swap places with your large cat.
You swap places with your large cat.
What do you want to wear? [*] K
You are now wearing a towel around your head.
You can't see any more.
You swap places with your large cat.
You swap places with your large cat.
You try to feel what is lying here on the floor.
You feel here a bow.
You try to feel what is lying here on the floor.
You feel here 6 arrows.
You hear an animal carcass being offered in sacrifice.
You miss the mumak.
The mumak butts!
The mumak bites!
The mumak butts!
The mumak bites!
You hear some noises.
Are you sure you want to pray? [yn] (n) y
You begin praying to Set.
The mumak starts to attack you, but pulls back.
The mumak starts to attack you, but pulls back.
You hear someone cursing shoplifters.
The mumak starts to attack you, but pulls back.
You finish your prayer.
You feel that Set is well-pleased.
The mumak butts!
You die...
Do you want your possessions identified? [ynq] (y) y
Do you want to see your attributes? [ynq] (y) q

Inventory:

Coins

$ - 38 gold pieces

Weapons

o - 2 +0 ya (in quiver)
J - a blessed +1 dart
F - 39 +0 darts
S - a blessed +1 dagger
Y - 5 blessed +0 daggers
a - a thoroughly rusty corroded +0 battle-axe (weapon in hands)
b - the rustproof +0 Cleaver (alternate weapon; not wielded)

Armor

O - an uncursed +0 dwarvish iron helm (being worn)
T - an uncursed thoroughly rusty +0 pair of gauntlets of power (being worn)
s - an uncursed +0 pair of jumping boots (being worn)
q - an uncursed +0 pair of water walking boots
l - a blessed +0 cloak of protection (being worn)
d - an uncursed +0 dwarvish mithril-coat (being worn)

Comestibles

A - 2 uncursed slime molds
c - an uncursed clove of garlic
E - 9 uncursed food rations
w - an uncursed orange
C - 7 uncursed tripe rations
g - an uncursed partly eaten lizard corpse

Scrolls

z - an uncursed scroll of earth
M - a cursed scroll of earth
I - an uncursed scroll of food detection
P - an uncursed scroll of identify

Potions

V - an uncursed potion of levitation
e - an uncursed potion of object detection

Rings

t - an uncursed +2 ring of adornment
f - a cursed -1 ring of increase damage
j - an uncursed ring of polymorph control (on right hand)
p - an uncursed ring of slow digestion
H - an uncursed ring of teleport control

Wands

n - a wand of magic missile (0:5)
R - a wand of polymorph (0:1)
m - a wand of speed monster (0:5)
v - a wand of speed monster (0:5)
r - a wand of undead turning (0:3)

Tools

k - an uncursed bag of holding containing 15 items
y - an uncursed sack containing 5 items
Q - a magic flute (0:6)
X - an uncursed blindfold
u - an uncursed brass lantern
N - a cursed brass lantern
L - an expensive camera (0:88)
G - an uncursed magic lamp (lit)
U - a +0 pick-axe
Z - an uncursed skeleton key
K - an uncursed towel (being worn)
i - a +0 unicorn horn

Gems/Stones

x - 2 uncursed worthless pieces of red glass

Contents of the bag of holding:

4555 gold pieces
an uncursed scroll of confuse monster
an uncursed scroll of create monster
an uncursed scroll of fire
an uncursed scroll of gold detection
an uncursed scroll of identify
2 uncursed scrolls of light
an uncursed scroll of magic mapping
a blessed scroll of punishment
an uncursed scroll of teleportation
an uncursed potion of gain ability
an uncursed potion of invisibility
a blessed potion of object detection
an uncursed potion of restore ability
an uncursed potion of water

Contents of the sack:

an uncursed C-ration
an uncursed K-ration
an uncursed ring of polymorph control
a cursed -3 ring of protection
an uncursed ring of stealth

Kontroller the Barbarian's attributes:


Background:

You were a Bandit, a level 9 male human Barbarian.
You were chaotic, on a mission for Set
who was opposed by Mitra (lawful) and Crom (neutral).
You were in the Gnomish Mines, on level 5.
You entered the dungeon 9078 turns ago.
There was a new moon in effect when your adventure ended.
You had 4686 experience points, 434 more were needed to attain level 10.
Your score was 23725 before end-of-game adjustments.

Basics:

You had 0 out of 85 hit points.
You had all 21 energy points (spell power).
Your armor class was -2.
Your wallet contained 38 zorkmids, and
you had 4555 more stashed away in your pack.
Autopickup was off.

Final Characteristics:

Your strength was 25 (base:18, peak:18/01, innate limit:18/100).
Your dexterity was 14 (peak:17, limit:18).
Your constitution was 18 (limit:18).
Your intelligence was 7 (limit:18).
Your wisdom was 9 (limit:18).
Your charisma was 6 (limit:18).

Final Status:

You were deliberately blind.
You were not hungry.
You were burdened; movement was slightly slowed.
You were wielding an axe.
You were skilled in axe and could have enhanced that.

Final Attributes:

You were piously aligned.
You were fire resistant.
You were poison resistant.
You were telepathic.
You could jump.
You were protected.
You had polymorph control.
You are dead.

Miscellaneous:
You never encountered a bones level.
Total elapsed playing time was 1 hour, 52 minutes and 44 seconds.

Major events:

Turn

1: Kontroller the chaotic male human Barbarian entered the dungeon
516: attained the rank of Pillager (level 3)
868: entered the Gnomish Mines
3193: attained the rank of Bandit (level 6)
4222: reached Mine Town
5377: entered Sokoban
5617: completed 1st Sokoban level
6043: completed 2nd Sokoban level
6329: completed 3rd Sokoban level
7187: completed 4th Sokoban level
7531: acquired the Sokoban bag of holding
8702: was bestowed with Cleaver by Set
9078: killed by a mumak

Vanquished creatures:

a stone golem
2 giant mimics
a stalker
a winter wolf
a small mimic
3 quantum mechanics
4 trolls
a gelatinous cube
a freezing sphere
a flaming sphere
a large cat
a tengu
a leocrotta
a pit viper
a carnivorous ape
a Grey-elf
2 soldiers
a giant beetle
a quivering blob
2 cockatrices
3 wolves
4 leprechauns
an iron piercer
a scorpion
a horse
an ice vortex
a rust monster
2 owlbears
a gold golem
2 werewolves
a lizard
a dog
2 housecats
a dwarf leader
a white unicorn
a gray unicorn
2 ravens
a plains centaur
2 snakes
an ape
3 human zombies
a Woodland-elf
a bugbear
a water nymph
a mountain nymph
9 Uruk-hai
an orc shaman
a rock piercer
a rock mole
3 ponies
a yellow light
2 shriekers
a violet fungus
6 gnome leaders
3 gnomish wizards
2 kobold mummies
2 barrow wights
an elf zombie
a baby crocodile
5 giant ants
a floating eye
a kitten
8 dwarves
2 homunculi
2 hill orcs
3 rothes
a rabid rat
2 orc zombies
a dwarf zombie
2 wererats
a werejackal
4 iguanas
3 acid blobs
3 coyotes
a gas spore
4 hobbits
a large kobold
2 hobgoblins
a giant rat
7 cave spiders
a brown mold
2 green molds
3 red molds
29 gnomes
2 gnome zombies
9 geckos
7 jackals
a kobold
a goblin
6 sewer rats
15 grid bugs
9 lichens
3 kobold zombies
5 newts
247 creatures vanquished.
No species were genocided or became extinct.

Voluntary challenges:

You read items or engraved 13 times.
You never engraved Elbereth.
You never genocided any monsters.
You never polymorphed an object.
You never changed form.
You used no wishes.
You did not violate any of the special Sokoban rules.

Achievements:

You entered a shop.
You attained the rank of Pillager.
You entered the Gnomish Mines.
You attained the rank of Bandit.
You entered Minetown.
You entered a temple.
You entered Sokoban.
You completed Sokoban.

The Dungeons of Doom: levels 1 to 8

   Level 1:
Level 2:
A general store, a fountain.
Stairs down to The Gnomish Mines.
Level 3:
A fountain.
Level 4:
A fountain.
Level 5:
A fountain.
Level 6:
Many fountains.
Level 7:
A fountain.
Stairs up to Sokoban, level 6.
Level 8:

The Gnomish Mines: levels 3 to 5

   Level 3:
Level 4:
Level 5: <- You were here.
Many shops, a temple to Set, many fountains.
Final resting place for
you, killed by a mumak.

Sokoban: levels 6 up to 3

   Level 3:
Solved.
Level 4:
Solved.
Level 5:
Solved.
Level 6:
Solved.

Game over:

----------
/ \
/ REST \
/ IN \
/ PEACE \
/ \
| Kontroller |
| 4593 Au |
| killed by a |
| mumak |
| |
| |
| 2022 |
*| * * * | *
_________)/\\_//(\/(/\)/\//\/|_)_______

Goodbye Kontroller the Barbarian...


You died in The Gnomish Mines on dungeon level 5 with 23266 points,
and 4593 pieces of gold, after 9078 moves.
You were level 9 with a maximum of 85 hit points when you died.